 Dungeon Crawl Stone Soup version 0.30.0-5-g1a98f26d00 (webtiles) character file.

Game seed: 16521492336985389047

64 Tyszek the Covered (level 3, -2/33 HPs)
             Began as a Minotaur Fighter on May 10, 2023.
             Engulfed by a steam dragon's steam (4 damage)
             ... on level 3 of the Dungeon.
             The game lasted 00:02:14 (1589 turns).

Tyszek the Covered (Minotaur Fighter)               Turns: 1589, Time: 00:02:14

Health: -2/33      AC: 11    Str: 22    XL:     3   Next: 91%
Magic:  2/2        EV:  6    Int:  5    God:
Gold:   104        SH:  4    Dex:  9    Spells: 2/2 levels left

rFire   . . .        a - +0 war axe
rCold   . . .        c - +0 buckler
rNeg    . . .        r - +0 plate armour
rPois   .            (helmet restricted)
rElec   .            (no cloak)
rCorr   .            (no gloves)
SInv    .            (no boots)
Will    .....        (no amulet) Stlth
                     (no ring)
HPRegen 0.25/turn    (no ring)
MPRegen 0.08/turn

%: no passive effects
@: attractive
A: horns 2, retaliatory headbutt
a: no special abilities


You were on level 3 of the Dungeon.
You visited 1 branch of the dungeon, and saw 3 of its levels.

You collected 104 gold pieces.

Inventory:

Hand Weapons
 a - a +0 war axe (weapon)
Armour
 b - a +0 scale mail
 c - a +0 buckler (worn)
 r - a +0 plate armour (worn)
Jewellery
 v - an amulet of magic regeneration
Scrolls
 e - a scroll of fear {unknown}
 f - a scroll of vulnerability {unknown}
 h - a scroll of amnesia {unknown}
 i - 2 scrolls of poison {unknown}
 l - a scroll of enchant weapon {unknown}
 m - 3 scrolls of identify {unknown}
 n - a scroll of teleportation {unknown}
 p - a scroll of blinking {unknown}
 q - a scroll of magic mapping {unknown}
 u - a scroll of enchant armour {unknown}
Potions
 d - a potion of might
 g - a potion of mutation {unknown}
 j - 2 potions of attraction
 k - a potion of brilliance {unknown}
 o - a potion of lignification {unknown}
 s - a potion of berserk rage {unknown}
 t - 2 potions of heal wounds {unknown}


   Skills:
 + Level 4.1 Fighting
 * Level 3.6 Axes
 + Level 4.2 Armour
 + Level 0.2 Dodging
 + Level 4.1 Shields


You had 2 spell levels left.
You didn't know any spells.
Your spell library contained the following spells:

 Spells                   Type           Power      Damage    Failure   Level
 Poisonous Vapours        Pois/Air       0%         N/A       100%        2
 Mephitic Cloud           Conj/Pois/Air  0%         N/A       100%        3
 Freezing Cloud           Conj/Ice/Air   0%         6-21      100%        5


Dungeon Overview and Level Annotations

Branches:
Dungeon (3/15)

Altars:
Ru


Innate Abilities, Weirdness & Mutations

You have a pair of horns on your head.
You reflexively headbutt those who attack you in melee.


Message History

No target in view!
No target in view!
Found a ring mail.
You see here a dart slug corpse.
A frilled lizard comes into view.
You see here an amulet of magic regeneration.
You miss the frilled lizard.
The frilled lizard bites you but does no damage.
You completely miss the frilled lizard.
The frilled lizard bites you but does no damage.
You completely miss the frilled lizard. The frilled lizard barely misses you.
You furiously retaliate!
You headbutt the frilled lizard.
You kill the frilled lizard!
No target in view!
No target in view!
No target in view!
No target in view!
No target in view!
No target in view!
No target in view!
No target in view!
No target in view!
v - an amulet of magic regeneration A steam dragon comes into view.
You slash the steam dragon!
You headbutt the steam dragon, but do no damage.
The steam dragon is moderately wounded.
The steam dragon breathes steam at you. The ball of steam hits you!
You slash the steam dragon!
The steam dragon is severely wounded.
You are engulfed in a cloud of scalding steam.
The steam dragon bites you!
* * * LOW HITPOINT WARNING * * *
The steam dragon claws you.
* * * LOW HITPOINT WARNING * * *
It was a potion of attraction.
You feel attractive to monsters.
You are engulfed in a cloud of scalding steam.
You die...

.. .. ### .#### .>#
....# #.# ###.... #.#
.... #.### #.#######D#
##.<.# #.....#..@#
...#.#######.#.#####.
##.#......†.†........#
#.########.#.######..
#.# .....# #.#
##.....# #.# ..#.....
..# #......#.# ...
.##....#.#


You could see a steam dragon (catching breath).

Vanquished Creatures
  2 adders (D:2)
  A worm (D:2)
  3 dart slugs
  2 ball pythons (D:1)
  3 endoplasms
  2 giant cockroaches (D:1)
  2 goblins (D:1)
  3 hobgoblins
  2 jackals (D:2)
  4 quokkas
  5 bats
  3 frilled lizards
  2 kobolds (D:1)
  3 rats (D:1)
37 creatures vanquished.

Notes
Turn   | Place    | Note
-------+----------+-------------------------------------------
     0 | D:1      | Tyszek the Minotaur Fighter began the quest for the Orb.
     0 | D:1      | Reached XP level 1. HP: 19/19 MP: 0/0
   172 | D:1      | Reached XP level 2. HP: 24/27 MP: 1/1
   735 | D:2      | Found a sacrificial altar of Ru.
   747 | D:2      | Reached XP level 3. HP: 33/33 MP: 2/2
  1586 | D:3      | Noticed a steam dragon
  1589 | D:3      | Engulfed by a steam dragon's steam

Illustrated notes

Levels and vault maps discovered:
D:1:      ncdulo_halloftheorcs, layout_basic, grunt_decor_mini_mirrors,
          minmay_octomino_c4
D:2:      layout_loops_corners, basic_altar, chequers_big_river
D:3:      layout_basic, grunt_temple_overflow_gold_and_silver,
          palyth_temple_overflow_mages, uniq_ijyb

Skill      XL: |  1  2  3 |
---------------+----------+-----
Armour         | 4 |  4.2
Shields        | 4 |  4.1
Axes           | 3 |  3.6
Fighting       | 4 |  4.1
Dodging        | |  0.2

Action                     || total
---------------------------++-------
  Melee: War axe           ||    66
         Headbutt          ||    12
    Use: Potion            ||     1
 Armour: Scale mail        ||    20
         Plate armour      ||     9
  Dodge: Dodged            ||    30
  Block: Buckler           ||    11
